 Dungeon Crawl Stone Soup version 0.30-a0-568-g124715a40b (webtiles) character file.

Game seed: 4847498492155748062

57 bmack86 the Trooper (level 3, 0/33 HPs)
             Began as a Minotaur Fighter on Dec 29, 2022.
             Slain by Sigmund
             ... wielding a +0 scythe
              (5 damage)
             ... on level 2 of the Dungeon.
             The game lasted 00:05:04 (630 turns).

bmack86 the Trooper (Minotaur Fighter)               Turns: 630, Time: 00:05:04

Health: 0/33       AC:  7    Str: 22    XL:     3   Next: 73%
Magic:  2/2        EV: 14    Int:  5    God:
Gold:   37         SH:  0    Dex:  9    Spells: 2/2 levels left

rFire   . . .      SeeInvis .    a - +0 war axe
rCold   . . .      Faith    .    c - +0 buckler
rNeg    . . .      Spirit   .    b - +0 scale mail
rPois   .          Reflect  .    (helmet restricted)
rElec   .          Harm     .    (no cloak)
rCorr   .          Rampage  .    (no gloves)
Will    .....                    (no boots) Stlth
                                 (no amulet)
HPRegen 0.25/turn                k - +5 ring of evasion
MPRegen 0.08/turn                (no ring)

@: confused
A: horns 2, retaliatory headbutt
a: no special abilities


You were on level 2 of the Dungeon.
You visited 1 branch of the dungeon, and saw 2 of its levels.

You collected 37 gold pieces.

Inventory:

Hand Weapons
 a - a +0 war axe (weapon)
Armour
 b - a +0 scale mail (worn)
 c - a +0 buckler (worn)
 l - a +0 pair of gloves
Jewellery
 k - a +5 ring of evasion (left hand)
Scrolls
 e - a scroll of fear {unknown}
Potions
 d - a potion of might
 f - a potion of attraction {unknown}
 g - a potion of magic {unknown}
 h - 2 potions of heal wounds {unknown}
 i - a potion of ambrosia {unknown}
 j - a potion of lignification {unknown}
 m - a potion of berserk rage {unknown}


   Skills:
 + Level 4.1 Fighting
 * Level 3.7 Axes
 + Level 4.1 Armour
 + Level 4.1 Shields


You had 2 spell levels left.
You didn't know any spells.
Your spell library was empty.

Dungeon Overview and Level Annotations

Branches:
Dungeon (2/15)

Altars:

Annotations:
D:2 Sigmund


Innate Abilities, Weirdness & Mutations

You have a pair of horns on your head.
You reflexively headbutt those who attack you in melee.


Message History

Sigmund shouts!
Sigmund casts a spell.
Sigmund flickers and vanishes!
Deactivating autopickup; reactivate with Ctrl-A.
You miss something. Something barely misses you.
You miss something. Your headbutt misses something.
You block something's attack.
You miss something. Your headbutt misses something.
Something hits you but does no damage.
You slash something! Your headbutt misses something. Something hits you.
You closely miss something. Your headbutt misses something.
You hear some strange, mumbled words.
A puff of flame appears from out of thin air!
The puff of flame hits you!
You hit something. Something hits you.
You miss something. Something hits you but does no damage.
You barely miss something. You block something's attack.
You closely miss something. Something hits you but does no damage.
You barely miss something.
You hear some strange, mumbled words.
Something tries to affect you, but you resist.
You miss something. Your headbutt misses something.
You hear some strange, mumbled words.
A magic dart appears from out of thin air!
The magic dart hits you!
You closely miss something. Something hits you!
* * * LOW HITPOINT WARNING * * *
You miss something. Something hits you but does no damage.
You closely miss something. Something hits you but does no damage.
You closely miss something.
You hear some strange, mumbled words.
A puff of flame appears from out of thin air!
The puff of flame misses you.
You miss something. Your headbutt misses something.
You hear some strange, mumbled words.
You are confused.
You're too confused to move!
Something hits you.
* * * LOW HITPOINT WARNING * * *
Something hits you.
You die...

########## #...!.(..#
#........# #......$.#
#.......{# #........# ##
#......@.# #.
#........######### ####.
#................. .....
#..........##### #.
##########.############.
#.##...........
#.##..........#
########>##..........#
.......†.............#


There were no monsters in sight!

Vanquished Creatures
  2 adders (D:2)
  2 dart slugs
  A ball python (D:1)
  5 endoplasms
  A giant cockroach (D:1)
  7 hobgoblins
  3 quokkas (D:1)
  3 bats
  A frilled lizard (D:1)
  4 goblins (D:1)
  A kobold (D:1)
  A rat (D:1)
31 creatures vanquished.

Notes
Turn   | Place    | Note
-------+----------+-------------------------------------------
     0 | D:1      | bmack86 the Minotaur Fighter began the quest for the Orb.
     0 | D:1      | Reached XP level 1. HP: 19/19 MP: 0/0
    27 | D:1      | Reached XP level 2. HP: 19/27 MP: 1/1
   289 | D:1      | Reached XP level 3. HP: 33/33 MP: 2/2
   609 | D:2      | Noticed Sigmund
   630 | D:2      | Slain by Sigmund

Illustrated notes

Levels and vault maps discovered:
D:1:      eino_arrival_water_star, layout_rooms
D:2:      layout_rooms, basic_altar, minmay_tromino_v4_c, uniq_sigmund

Skill      XL: |  1  2  3 |
---------------+----------+-----
Axes           | 3 |  3.7
Fighting       | 4 |  4.1
Armour         | 4 |  4.1
Shields        | 4 |  4.1

Action                   || total
-------------------------++-------
Melee: War axe           ||    70
       Headbutt          ||     5
  Use: Scroll            ||     2
Armor: Scale mail        ||    29
Dodge: Dodged            ||    39
Block: Buckler           ||    25

Table legend: (Time is in decaauts)
 A = Elapsed time spent in this place.
 B = Non-inter-level travel time spent in this place.
 C = Inter-level travel time spent in this place.
 D = Time resting spent in this place.
 E = Time spent auto-exploring this place.
 F = Levels seen in this place.
 G = Mean time per level.
                   A        B        C        D        E       F      G
               +--------+--------+--------+--------+--------+-----+--------+
         Total |    656 |    656 |      0 |      0 |    376 |   2 |  328.0 |
       Dungeon |    656 |    656 |      0 |      0 |    376 |   2 |  328.0 |
               +--------+--------+--------+--------+--------+-----+--------+

Top non-repeatable levels by time:
     D:1: 533 daAuts
     D:2: 123 daAuts
